 Dungeon Crawl Stone Soup version 0.21.1-1-g345015f (webtiles) character file.

33 lotte the Magician (level 3, 21/21 HPs)
             Began as an Octopode Wizard on June 30, 2018.
             Quit the game on level 1 of the Dungeon.
             The game lasted 00:05:22 (1575 turns).

lotte the Magician (Octopode Wizard)                Turns: 1575, Time: 00:05:22

Health: 21/21      AC:  1    Str:  6    XL:     3   Next: 29%
Magic:  8/8        EV: 13    Int: 21    God:
Gold:   56         SH:  0    Dex: 10    Spells: 8/9 levels left

rFire    . . .     SeeInvis .   d - -2 short sword (curse)
rCold    . . .     Gourm    .   (no shield)
rNeg     . . .     Faith    .   a - +0 hat
rPois    .         Spirit   .   (no amulet)
rElec    .         Reflect  .   (no ring)
rCorr    .         Harm     .   (no ring)
MR       .....                  (no ring)
Stlth    +++.......             (no ring)
HPRegen  0.07/turn              (no ring)
MPRegen  0.11/turn              (no ring)
                                (no ring)
                                (no ring)

@: no status effects
A: almost no armour, stealthy swim, amphibious, 8 rings, constrict 8, camouflage
1, gelatinous body 1
a: no special abilities


You were on level 1 of the Dungeon.
You were hungry.

You visited 1 branch of the dungeon, and saw 1 of its levels.

You collected 56 gold pieces.

Inventory:

Hand Weapons
 d - a cursed -2 short sword (weapon)
 f - a +0 dagger
Missiles
 h - 14 poisoned needles
Armour
 a - a +0 hat (worn)
Scrolls
 g - a scroll of teleportation {unknown}
 i - a scroll of remove curse {unknown}
 j - 2 scrolls of enchant armour {unknown}
Potions
 e - a potion of invisibility {unknown}
 k - 2 potions of degeneration {unknown}
Books
 b - a book of Minor Magic

   Spells                             Type                      Level
   a - Magic Dart                     Conjuration                  1
   b - Blink                          Translocation                2
   c - Call Imp                       Summoning                    2
   d - Slow                           Hexes                        2
   e - Conjure Flame                  Conjuration/Fire             3
   f - Mephitic Cloud                 Conjuration/Poison/Air       3
Comestibles
 c - 3 rations


   Skills:
 + Level 0.3 Short Blades
 - Level 2.0 Dodging
 - Level 2.6 Stealth
 + Level 3.7 Spellcasting
 * Level 1.8 Conjurations
   Level 1.0 Summonings
   Level 1.0 Translocations


You had 8 spell levels left.
You knew the following spells:

 Your Spells              Type           Power        Failure   Level  Hunger
a - Magic Dart            Conj           ##..         6%          1    None


Dungeon Overview and Level Annotations

Branches:
Dungeon (1/15)

Altars:


Innate Abilities, Weirdness & Mutations

You cannot wear most types of armour.
You are very stealthy in the water. (Stealth+)
You are amphibious.
You can wear up to eight rings at the same time.
You can use your tentacles to constrict eight enemies at once.
Your skin changes colour to match your surroundings (Stealth+).
Your rubbery body absorbs attacks. (AC +1, EV +1)


Message History

HP restored.
As you open the door, it creaks loudly!
Found a dagger.
Found a stone staircase leading down.
There is an open door here.
You see here a dagger.
There is a stone staircase leading down here.
You see here a dagger.
There is an open door here.
You are feeling hungry.
Found a stone staircase leading down.
There is an open gate here.
There is an open gate here.
Things that are here:
a club; a hobgoblin skeleton Done exploring.
Done exploring.
Unknown command.
Unknown command.
Are you sure you want to abandon this character and quit the game? (Confirm with "yes".)

##### #...# #.#.#
##############.#.#
.............#.#.#
############.#.#.#
#.#########.#.#.#
#...........#.#@#
#.###########.#.#
#.#..#..........#
#.#.........#.###
#.##.#..รท.......#
#....#........#.#
################.#
...>##...........#
######.###########


There were no monsters in sight!

Vanquished Creatures
  An ooze (D:1)
  2 dart slugs (D:1)
  A leopard gecko (D:1)
  3 bats (D:1)
  4 giant cockroaches (D:1)
  5 goblins (D:1)
  2 hobgoblins (D:1)
  3 kobolds (D:1)
  A rat (D:1)
22 creatures vanquished.

Notes
Turn   | Place    | Note
-------+----------+-------------------------------------------
     0 | D:1      | lotte the Octopode Wizard began the quest for the Orb.
     0 | D:1      | Reached XP level 1. HP: 11/11 MP: 4/4
   326 | D:1      | Reached XP level 2. HP: 5/17 MP: 3/6
  1002 | D:1      | Reached XP level 3. HP: 20/21 MP: 4/8
  1575 | D:1      | Quit the game

Action                   || total
-------------------------++-------
Melee: Dagger            ||     9
       Tentacles         ||     5
       Constrict         ||     5
       Short sword       ||    16
 Cast: Magic Dart        ||    45
  Eat: Chunk             ||     1
Armor: Skin              ||     3
Dodge: Dodged            ||    26
